 Dungeon Crawl Stone Soup version 0.17-a0-1150-g17b0b87 (webtiles) character file.

70 DakoDarkAxe the Shield-Bearer (level 4, -2/40 HPs)
             Began as a Minotaur Fighter on May 27, 2015.
             Was an Initiate of Qazlal.
             Slain by a gnoll
             ... wielding a +0 spear
              (3 damage)
             ... on level 2 of the Dungeon.
             The game lasted 00:05:56 (724 turns).

DakoDarkAxe the Shield-Bearer (Minotaur Fighter)     Turns: 724, Time: 00:05:56

Health: -2/40      AC:  7    Str: 21    XL:     4   Next: 3%
Magic:  3/3        EV:  7    Int:  5    God:    Qazlal [......]
Gold:   23         SH:  9    Dex: 10    Spells: 0 memorised, 3 levels left

rFire  . . .     SeeInvis .     a - +0 war axe
rCold  . . .     Clarity  .     b - +0 scale mail
rNeg   . . .     SustAt   .     c - +0 shield
rPois  .         Gourm    .     (helmet restricted)
rElec  .         Spirit   .     (no cloak)
rCorr  .         Warding  .     (no gloves)
rMut   .         Stasis   .     (no boots)
MR     .....                    (no amulet)
Stlth  ..........               (no ring)
                                (no ring)

@: lethally poisoned (-2 -> -4), not resistant to hostile enchantments,
extremely unstealthy
A: retaliatory headbutt, horns 2
a: Renounce Religion


You were on level 2 of the Dungeon.
You worshipped Qazlal.
Qazlal was noncommittal.
You were not hungry.

You visited 1 branch of the dungeon, and saw 2 of its levels.

You collected 23 gold pieces.

Inventory:

Hand weapons
 a - a +0 war axe (weapon)
Missiles
 g - 3 tomahawks (quivered)
Armour
 b - a +0 scale mail (worn)
 c - a +0 shield (worn)
Jewellery
 f - an uncursed ring of protection from fire {unknown}
Scrolls
 h - a scroll of enchant armour {unknown}
 i - a scroll of remove curse {unknown}
 l - a scroll of teleportation {unknown}
 o - a scroll of magic mapping {unknown}
Potions
 d - a potion of might
 k - a potion of degeneration {unknown}
Comestibles
 e - 2 bread rations
 j - a meat ration
 m - 3 fruits
 n - a beef jerky


   Skills:
 + Level 4.2 Fighting
 + Level 2.7 Axes
 + Level 0.2 Throwing
 + Level 4.4 Armour
 + Level 0.7 Dodging
 + Level 4.5 Shields


You had 3 spell levels left.
You didn't know any spells.

Dungeon Overview and Level Annotations

Branches:
Dungeon (2/15)

Altars:
Ashenzari
Dithmenos
Elyvilon
Fedhas
Kikubaaqudgha
Qazlal
Trog
Zin


Innate Abilities, Weirdness & Mutations

You reflexively headbutt those who attack you in melee.
You have a pair of horns on your head.


Message History

The adder is almost dead.
You feel sick. You block the gnoll's attack.
The gnoll hits you from afar with a spear.
* * * LOW HITPOINT WARNING * * *
The adder bites you.
* * * LOW HITPOINT WARNING * * *
The gnoll hits you from afar with a spear.
* * * LOW HITPOINT WARNING * * *
The adder bites you but does no damage. You block the gnoll's attack.
A rat comes into view.
You slash the adder!
You kill the adder!
Qazlal accepts your kill.
You have reached level 4!
You feel stronger.
You closely miss the gnoll.
* * * LOW HITPOINT WARNING * * *
You feel sick. You block the gnoll's attack.
The gnoll hits you from afar with a spear.
You die...

#... # #... #. #... ##'#
### #... #...# #.. ####
.....# #.## # ......#
#..## #
......g####...##########
......†@................
.....g†##.......#######.
.....g# #.#..##.# #.
.....# #.....#.# #.
#!..# #.#.#.#.# #. ##r#
#.#...#.# #. #.
#.##..#.# #. # #.. ..#.#
#. ##


You could see 3 gnolls and a rat.

Vanquished Creatures
  4 adders (D:2)
  A gnoll (D:2)
  3 hobgoblins
  5 kobolds
  6 bats
  A giant gecko (D:2)
  2 giant newts
  6 rats
  A plant (D:1)
29 creatures vanquished.

Notes
Turn   | Place    | Note
--------------------------------------------------------------
     0 | D:1      | DakoDarkAxe the Minotaur Fighter began the quest for the Orb.
     0 | D:1      | Reached XP level 1. HP: 19/19 MP: 0/0
   155 | D:1      | Reached XP level 2. HP: 21/27 MP: 1/1
   188 | D:1      | Reached skill level 4 in Armour
   320 | D:2      | Found an ancient bone altar of Kikubaaqudgha.
   323 | D:2      | Found a shattered altar of Ashenzari.
   331 | D:2      | Found a blossoming altar of Fedhas.
   333 | D:2      | Found a bloodstained altar of Trog.
   333 | D:2      | Found a stormy altar of Qazlal.
   344 | D:2      | Found a white marble altar of Elyvilon.
   349 | D:2      | Found a glowing silver altar of Zin.
   353 | D:2      | Found a shadowy altar of Dithmenos.
   381 | D:2      | Became a worshipper of Qazlal Stormbringer
   474 | D:2      | Reached XP level 3. HP: 31/33 MP: 2/2
   724 | D:2      | Reached XP level 4. HP: 2/40 MP: 3/3
   724 | D:2      | HP: 1/40 [poisoned by an adder]
   724 | D:2      | Slain by a gnoll

Vault maps used:
D:1:      sevenhm_arrival_forest_fort_large_4, st_stairs_5
D:2:      minitemple

Action                   |  1- 3 |  4- 6 || total
-------------------------+-------+-------++-------
Melee: War axe           |    93 |       ||    93
Throw: Tomahawk          |     4 |       ||     4
